 Dungeon Crawl Stone Soup version 0.21-a0-529-g8c7b3f5 (webtiles) character file.

17076 Amnesiac the Destroyer (level 12, -8/74 HPs)
             Began as a Deep Elf Wizard on Dec 12, 2017.
             Was a High Priest of Sif Muna.
             Killed from afar by Azrael (33 damage)
             ... with damnation
             ... on level 12 of the Dungeon.
             The game lasted 00:41:34 (15805 turns).

Amnesiac the Destroyer (Deep Elf Wizard)           Turns: 15805, Time: 00:41:34

Health: -8/74      AC:  9    Str:  4    XL:     12   Next: 15%
Magic:  7/33       EV: 16    Int: 29    God:    Sif Muna [*****.]
Gold:   1162       SH:  0    Dex: 11    Spells: 16/36 levels left

rFire    . . .     SeeInvis .   a - +5 hunting sling (freeze)
rCold    + . .     Gourm    .   (no shield)
rNeg     . . .     Faith    .   r - +0 steam dragon scales
rPois    .         Spirit   .   j - +0 helmet
rElec    .         Reflect  .   J - +0 cloak
rCorr    .         Harm     +   (no gloves)
MR       +....                  (no boots)
Stlth    +++.......             y - amulet of harm
HPRegen  0.22/turn              Q - ring of stealth
MPRegen  0.23/turn              F - +4 ring of slaying

@: divine energy
A: slimy green scales 1, clumsy 1, cold resistance 1, high mp 1
a: Stop Divine Energy, Channel Magic, Forget Spell, Renounce Religion


You were on level 12 of the Dungeon.
You worshipped Sif Muna.
Sif Muna was extremely pleased with you.
You were not hungry.

You visited 2 branches of the dungeon, and saw 13 of its levels.

You collected 1162 gold pieces.

Inventory:

Hand Weapons
 a - a +5 hunting sling of freezing (weapon)
 H - a +0 blowgun
Missiles
 g - 67 sling bullets (quivered)
 k - 104 poisoned needles
 G - 14 curare-tipped needles
Armour
 j - a +0 helmet (worn)
 m - the +1 leather armour "Ifoat" {+Fly rElec rF- Str+3}
   (You took it off an orc on level 4 of the Dungeon)

   It affects your strength (+3).
   It makes you vulnerable to fire.
   It insulates you from electricity.
   It lets you fly.
 r - +0 steam dragon scales (worn)
 J - a +0 cloak (worn)
 U - a +0 buckler
Magical Staves
 b - an uncursed staff of conjuration
Jewellery
 u - a +5 ring of strength
 y - an amulet of harm (around neck)
 F - a +4 ring of slaying (right hand)
 Q - a ring of stealth (left hand)
 R - a +3 amulet of reflection
Wands
 q - a wand of acid (4)
 t - a wand of digging (35)
 O - a wand of disintegration (9)
 T - a wand of paralysis (10)
Scrolls
 c - 2 scrolls of blinking {!r}
 e - a scroll of magic mapping {!r}
 h - 5 scrolls of teleportation {!r}
 i - 5 scrolls of immolation {!r}
 n - a scroll of silence {!r, unknown}
 v - a scroll of fog {!r, unknown}
 z - 7 scrolls of remove curse {!r}
 A - a scroll of enchant armour {!r, unknown}
 B - a scroll of fear {!r, unknown}
 M - 3 scrolls of amnesia {!r}
 S - a scroll of identify {!r}
Potions
 f - 5 potions of flight {!q}
 l - 2 potions of lignification {!q}
 o - 3 potions of berserk rage {!q}
 p - 3 potions of brilliance {!q}
 s - a potion of mutation {!q}
 D - 2 potions of magic {!q}
 E - a potion of degeneration {!q}
 I - a potion of agility {!q}
 K - a potion of curing {!q}
 P - 2 potions of haste {!q}
Books
 x - Sif Muna's Almanac of Boosting Conjuration
   (Sif Muna gifted it to you on level 11 of the Dungeon)

   Spells                             Type                      Level
   a - Searing Ray                    Conjuration                  2
   b - Venom Bolt                     Conjuration/Poison           5
   c - Irradiate                      Conjuration/Transmutation    5
   d - Iskenderun's Battlesphere      Conjuration/Charms           5
   e - Poison Arrow                   Conjuration/Poison           6
   f - Iron Shot                      Conjuration/Earth            6
   g - Orb of Destruction             Conjuration                  7
 N - a book of Conjurations

   Spells                             Type                      Level
   a - Magic Dart                     Conjuration                  1
   b - Searing Ray                    Conjuration                  2
   c - Dazzling Spray                 Conjuration/Hexes            3
   d - Fulminant Prism                Conjuration/Hexes            4
   e - Force Lance                    Conjuration/Translocation    4
   f - Iskenderun's Mystic Blast      Conjuration                  4
Comestibles
 d - 10 bread rations
 w - 5 royal jellies
 C - 7 chunks of flesh
 L - a meat ration


   Skills:
 - Level 8.2 Fighting
 - Level 8.2 Dodging
 - Level 2.4 Stealth
 + Level 12.5 Spellcasting
 * Level 14.1 Conjurations
 - Level 1.1 Summonings
 - Level 1.1 Translocations


You had 16 spell levels left.
You knew the following spells:

 Your Spells              Type           Power        Failure   Level  Hunger
a - Magic Dart            Conj           ####         0%          1    None
b - Call Imp              Summ           ###.....     2%          2    None
c - Apportation           Tloc           ###...       1%          1    None
d - Orb of Destruction    Conj           #######...   7%          7    ######.
e - Mephitic Cloud        Conj/Pois/Air  #####...     1%          3    None
s - Conjure Flame         Conj/Fire      ######..     1%          3    None
v - Blink                 Tloc           N/A          2%          2    None
z - Confusing Touch       Hex            ###...       3%          1    None


Dungeon Overview and Level Annotations

Branches:
Dungeon (12/15)            Temple (1/1) D:7            Lair (0/6) D:8
    Orc: D:9-12

Altars:
Ashenzari
Cheibriados
Dithmenos
Elyvilon
Fedhas
Gozag
Hepliaklqana
Kikubaaqudgha
Makhleb
Nemelex Xobeh
Okawaru
Qazlal
Ru
Sif Muna
Trog
Uskayaw
Vehumet
Wu Jian
Xom
Yredelemnul
Zin
The Shining One

Shops:
D:5 %!   D:9 %

Portals:
Trove: D:10 (give 12 potions of heal wounds)

Annotations:
D:12 Azrael


Innate Abilities, Weirdness & Mutations

You are partially covered in slimy green scales. (AC +2)
You are clumsy. (Dex -2)
Your flesh is cold resistant. (rC+)
You have an increased reservoir of magic. (+10% MP)


Message History

There is an open door here.
g - 71 sling bullets (gained 2)
There is an open door here.
There is an escape hatch in the floor here.
An orc comes into view.
Firing (i - inventory):
g - 71 sling bullets (quivered)
Press: ? - help, Shift-Dir - straight line, f - orc
Aim: an orc (hasn't noticed you)
You shoot a sling bullet. The orc shouts!
The sling bullet hits the orc but does no damage.
Firing (i - inventory):
g - 70 sling bullets (quivered)
Press: ? - help, Shift-Dir - straight line, f/p - orc
Aim: an orc You shoot a sling bullet.
The sling bullet hits the orc!
The sling bullet freezes the orc.
You kill the orc!
Sif Muna accepts your kill.
An orc warrior comes into view. It is wielding a war axe.
Firing (i - inventory):
g - 69 sling bullets (quivered)
Press: ? - help, Shift-Dir - straight line, f - orc warrior
Aim: an orc warrior, wielding a war axe and wearing a plate armour (hasn't noticed you)
You shoot a sling bullet.
The sling bullet barely misses the orc warrior.
The orc warrior shouts!
Firing (i - inventory):
g - 68 sling bullets (quivered)
Press: ? - help, Shift-Dir - straight line, f/p - orc warrior
Aim: an orc warrior, wielding a war axe and wearing a plate armour You shoot a sling bullet.
The sling bullet hits the orc warrior but does no damage.
Casting: Magic Dart
Confirm with . or Enter, or press ? or * to list all spells.
Aiming: Orb of Destruction
Press: ? - help, Shift-Dir - straight line, f/p - orc warrior
Aim: an orc warrior, wielding a war axe and wearing a plate armour The hell hound barks!
The orb of destruction hits the orc warrior.
You blow up the orc warrior!
Sif Muna accepts your kill.
Casting: Orb of Destruction
Confirm with . or Enter, or press ? or * to list all spells.
Aiming: Orb of Destruction
Press: ? - help, Shift-Dir - straight line, f - hell hound
Aim: a hell hound You are feeling hungry.
The orb of destruction hits the hell hound.
You blow up the hell hound!
Sif Muna accepts your kill.
Casting: Orb of Destruction
Confirm with . or Enter, or press ? or * to list all spells.
Aiming: Orb of Destruction
Press: ? - help, Shift-Dir - straight line, f - Azrael
Aim: Azrael, wielding a scimitar of flaming You are feeling very hungry.
Azrael gestures at you.
The sphere of damnation explodes!
The damnation engulfs you!
Ouch! That really hurt!
* * * LOW HITPOINT WARNING * * *
You hear a shout! x2
Eat one of 8 chunks of flesh? (ye/n/q)
You eat one of the 8 chunks of flesh.
This raw flesh tastes terrible.
Azrael gestures at you.
The sphere of damnation explodes!
The damnation engulfs you!
You die...

..§. #.. ..R###.####
##.*.....%#
...§§....# #.%§...#
#..§§..# #...§..#
#......# #.....@#
##>##### #.####
#....# ####.### #...#
####### ########'###
......####....).....#
#####....'..........#


You could see Azrael.

Vanquished Creatures
  Fannar (D:10)
  A hydra (D:11)
  A tengu warrior (D:9)
  6 two-headed ogres
  Pikel (D:8)
  2 ugly things (D:10)
  A manticore (D:11)
  Joseph (D:7)
  The ghost of anet the Magician, a novice DEWz of Ashenzari (D:6)
  Psyche (D:8)
  4 molten gargoyles (D:9)
  The ghost of anet the Magician, a novice DEWz of Ashenzari (D:5)
  A spriggan (D:7)
  5 yaks
  A wraith (D:10)
  A fire elemental (D:12)
  A steam dragon (D:9)
  A hungry ghost (D:10)
  Menkaure (D:6)
  3 water moccasins
  Edmund (D:6)
  4 hell hounds (D:12)
  3 slaves (D:8)
  6 orc warriors
  4 phantoms
  A sky beast (D:9)
  4 ice beasts
  A black bear (D:8)
  A necrophage (D:9)
  8 centaurs
  An ogre (D:8)
  The ghost of anet the Magician, an amateur DEWz (D:3)
  10 bullfrogs
  A wyvern zombie (D:10)
  2 scorpions
  2 wyvern skeletons
  9 killer bees
  2 howler monkeys
  7 crimson imps
  2 centaur zombies
  2 jellies
  A lava snake (D:9)
  Crazy Yiuf (D:7)
  2 bullfrog zombies
  5 orc priests
  4 hounds
  11 orc wizards
  4 iguanas
  9 worker ants
  A worker ant zombie (D:10)
  16 adders
  A shadow imp (D:8)
  An adder zombie (D:9)
  4 worms
  2 dart slugs (D:3)
  5 leopard geckos
  38 orcs
  2 ball pythons (D:5)
  6 bats
  8 giant cockroaches
  9 goblins
  5 hobgoblins
  8 jackals
  9 kobolds
  7 quokkas
  5 frilled lizards
  A jackal skeleton (D:4)
  7 rats
279 creatures vanquished.

Vanquished Creatures (collateral kills)
  An ice beast (D:6)
  A crocodile (D:9)
  A big kobold (D:6)
  A worker ant (D:6)
  An adder (D:2)
  A worm (D:2)
  An orc (D:3)
  A giant cockroach (D:1)
  A goblin (D:1)
  A rat (D:3)
10 creatures vanquished.

Vanquished Creatures (others)
  A slave (D:8)
  A leopard gecko (D:5)
  2 fungi (D:8)
4 creatures vanquished.

Grand Total: 293 creatures vanquished

Notes
Turn   | Place    | Note
-------+----------+-------------------------------------------
     0 | D:1      | Amnesiac the Deep Elf Wizard began the quest for the Orb.
     0 | D:1      | Reached XP level 1. HP: 10/10 MP: 7/7
   856 | D:2      | Reached skill level 1 in Fighting
   859 | D:2      | Reached XP level 2. HP: 15/16 MP: 2/9
   863 | D:2      | Learned a level 2 spell: Blink
   870 | D:2      | Learned a level 2 spell: Call Imp
  1551 | D:2      | Reached XP level 3. HP: 20/21 MP: 1/11
  1556 | D:2      | Learned a level 3 spell: Conjure Flame
  1560 | D:2      | Learned a level 3 spell: Mephitic Cloud
  1976 | D:2      | Reached XP level 4. HP: 21/27 MP: 8/12
  2627 | D:3      | Noticed anet's ghost (amateur DEWz)
  2644 | D:3      | Killed anet's ghost
  2644 | D:3      | Reached skill level 5 in Spellcasting
  2644 | D:3      | Reached skill level 2 in Conjurations
  2644 | D:3      | Reached XP level 5. HP: 25/32 MP: 2/14
  3356 | D:3      | Reached XP level 6. HP: 38/38 MP: 1/15
  3660 | D:4      | Learned a level 1 spell: Apportation
  3662 | D:4      | Learned a level 1 spell: Confusing Touch
  3777 | D:4      | Got a steaming leather armour
  3803 | D:4      | Found a sacrificial altar of Ru.
  4220 | D:4      | Reached skill level 3 in Conjurations
  4452 | D:4      | Found a snail-covered altar of Cheibriados.
  4733 | D:5      | Entered Level 5 of the Dungeon
  4745 | D:5      | Identified the +1 leather armour "Ifoat" {+Fly rElec rF- Str+3} (You took it off an orc on level 4 of the Dungeon)
  4849 | D:5      | Reached XP level 7. HP: 33/44 MP: 8/16
  4903 | D:5      | Found a glowing drain.
  4988 | D:5      | Found Cerpheej's Distillery.
  4990 | D:5      | Found Maelued's Food Shoppe.
  5221 | D:5      | Reached skill level 5 in Dodging
  5221 | D:5      | Reached skill level 4 in Conjurations
  5421 | D:5      | Reached skill level 5 in Fighting
  5462 | D:5      | Found a shattered altar of Ashenzari.
  5504 | D:5      | Found a hide-covered altar of Uskayaw.
  5633 | D:5      | Noticed anet's ghost (novice DEWz)
  5672 | D:5      | Killed anet's ghost
  5899 | D:5      | Reached XP level 8. HP: 50/50 MP: 6/17
  6323 | D:6      | Found Bihaoni's General Store.
  6357 | D:6      | Reached skill level 5 in Conjurations
  7054 | D:6      | Noticed anet's ghost (novice DEWz)
  7230 | D:6      | Found a glowing silver altar of Zin.
  7278 | D:6      | Killed anet's ghost
  7493 | D:6      | Found a shimmering altar of Xom.
  7494 | D:6      | Found a basalt altar of Yredelemnul.
  7569 | D:6      | Reached XP level 9. HP: 34/57 MP: 3/18
  7729 | D:6      | Found an iron altar of Okawaru.
  7778 | D:6      | Noticed Edmund
  7784 | D:6      | Killed Edmund
  7806 | D:6      | Found a sparkling altar of Nemelex Xobeh.
  7943 | D:6      | Found a hide-covered altar of Uskayaw.
  8083 | D:6      | Noticed Menkaure
  8214 | D:6      | Killed Menkaure
  8574 | D:7      | Found a runed door.
  8603 | D:7      | Noticed Crazy Yiuf
  8612 | D:7      | Killed Crazy Yiuf
  8784 | D:7      | Found a staircase to the Ecumenical Temple.
  8935 | Temple   | Entered the Ecumenical Temple
  9086 | Temple   | Became a worshipper of Sif Muna the Loreminder
  9214 | D:7      | Noticed Joseph
  9272 | D:7      | Killed Joseph
  9623 | D:7      | Reached skill level 6 in Conjurations
 10157 | D:8      | Noticed Pikel
 10247 | D:8      | Killed Pikel
 10247 | D:8      | Reached * piety under Sif Muna
 10247 | D:8      | Reached skill level 7 in Conjurations
 10338 | D:8      | Noticed Psyche
 10358 | D:8      | Reached XP level 10. HP: 39/64 MP: 18/22
 10362 | D:8      | Killed Psyche
 10362 | D:8      | Reached skill level 8 in Conjurations
 10423 | D:8      | Found a staircase to the Lair.
 11004 | D:8      | Noticed a two-headed ogre
 11013 | D:8      | Killed a two-headed ogre
 11013 | D:8      | Reached skill level 9 in Conjurations
 11317 | D:9      | Reached ** piety under Sif Muna
 11321 | D:9      | Noticed a molten gargoyle
 11401 | D:9      | Noticed a two-headed ogre
 11529 | D:9      | Killed a two-headed ogre
 11529 | D:9      | Reached skill level 10 in Conjurations
 11575 | D:9      | Noticed a molten gargoyle
 11576 | D:9      | Noticed a molten gargoyle
 11585 | D:9      | Killed a molten gargoyle
 11598 | D:9      | Killed a molten gargoyle
 11634 | D:9      | Noticed a molten gargoyle
 11645 | D:9      | Killed a molten gargoyle
 11645 | D:9      | Reached *** piety under Sif Muna
 11645 | D:9      | Reached skill level 11 in Conjurations
 11683 | D:9      | Killed a molten gargoyle
 11683 | D:9      | Reached XP level 11. HP: 18/68 MP: 26/26
 11761 | D:9      | Reached skill level 10 in Spellcasting
 12011 | D:9      | Noticed a tengu warrior
 12056 | D:9      | Killed a tengu warrior
 12185 | D:9      | Found Exomy's Food Boutique.
 12199 | D:9      | Gained mutation: You have an increased reservoir of magic. (+10% MP) [mutagenic meat]
 12200 | D:9      | Gained mutation: You have sharp fingernails. [mutagenic meat]
 12201 | D:9      | Gained mutation: You are clumsy. (Dex -2) [mutagenic meat]
 12203 | D:9      | Lost mutation: You have sharp fingernails. [mutagenic meat]
 12204 | D:9      | Gained mutation: You are partially covered in slimy green scales. (AC +2) [mutagenic meat]
 12642 | D:10     | Entered Level 10 of the Dungeon
 12642 | D:10     | Noticed a two-headed ogre
 12659 | D:10     | Killed a two-headed ogre
 12659 | D:10     | Reached **** piety under Sif Muna
 12659 | D:10     | Reached skill level 12 in Conjurations
 13195 | D:10     | Found a portal to a secret trove of treasure.
 13312 | D:10     | Noticed a cyan ugly thing
 13345 | D:10     | Killed a cyan ugly thing
 13372 | D:10     | Gained mutation: Your flesh is cold resistant. (rC+) [mutagenic meat]
 13717 | D:10     | Noticed a red ugly thing
 13726 | D:10     | Killed a red ugly thing
 13747 | D:10     | Noticed Fannar
 13952 | D:10     | Killed Fannar
 13960 | D:10     | Reached skill level 13 in Conjurations
 14357 | D:10     | Noticed a two-headed ogre
 14419 | D:10     | Killed a two-headed ogre
 14419 | D:10     | Reached ***** piety under Sif Muna
 14821 | D:11     | Noticed a six-headed hydra
 14837 | D:11     | Killed a six-headed hydra
 14837 | D:11     | Identified Sif Muna's Almanac of Boosting Conjuration (Sif Muna gifted it to you on level 11 of the Dungeon)
 14837 | D:11     | Received a gift from Sif Muna
 14847 | D:11     | Learned a level 7 spell: Orb of Destruction
 14979 | D:11     | Noticed a two-headed ogre
 14982 | D:11     | Killed a two-headed ogre
 14986 | D:11     | Reached XP level 12. HP: 57/74 MP: 1/32
 15629 | D:12     | Noticed a two-headed ogre
 15631 | D:12     | Killed a two-headed ogre
 15631 | D:12     | Reached skill level 14 in Conjurations
 15702 | D:12     | Noticed Azrael
 15805 | D:12     | Killed from afar by Azrael

Vault maps used:
D:1:      minmay_arrival_semitransparent
D:2:      kennysheep_generic_room_9
D:3:      first_bread, grunt_ministairs_5, minmay_close_crescents
D:4:      lemuel_coloured_pillars_altar, nicolae_ru_awakened_eye, st_stairs_10,
          minmay_misc_feat_nine_boxes
D:5:      corexii_shack_village, nicolae_ashenzari_panopticon,
          gup_sewer_entry_spiral, serial_shops, shop, nicolae_shop_crystal,
          basic_altar
D:6:      marbit_many_paths, kennysheep_little_box, kennysheep_mini_moat,
          old_standard_altar, gammafunk_temple_overflow_statue, serial_shops,
          shop_fountains, uniq_edmund, uniq_menkaure
D:7:      minmay_temple_entry_hall, the_bakery, nrook_mini_vaults,
          minmay_misc_feat_columns, uniq_crazy_yiuf_cottage, uniq_joseph
D:8:      dpeg_oklobed_lair, serial_bayou_crossing, uniq_psyche, uniq_pikel
D:9:      cheibrodos_ideogram_h, serial_shops, nicolae_shop_trees, minivault_8
D:10:     cheibrodos_fzero, enter_trove_6, centaur_isle, uniq_fannar
D:11:     minmay_bent
D:12:     orc_david_3, uniq_azrael
Temple:   dshaligram_water_room_temple

Skill      XL: |  1  2  3  4  5  6  7  8  9 10 11 12 |
---------------+-------------------------------------+-----
Fighting       | 1 2 3 4 5 7 8 |  8.2
Dodging        | 3 4 5 7 8 |  8.2
Spellcasting   | 5 7 9 12 | 12.5
Conjurations   | 2 3 4 5 7 11 13 14 | 14.1
Stealth        | |  2.4
Summonings     | |  1.1
Translocations | |  1.1

Action                   |  1- 3 |  4- 6 |  7- 9 | 10-12 || total
-------------------------+-------+-------+-------+-------++-------
Melee: Unarmed           |     3 |    16 |       |       ||    19
       Dagger            |       |     1 |    19 |       ||    20
       Hunting sling     |       |       |       |     3 ||     3
 Fire: Hunting sling     |       |       |    99 |   444 ||   543
       Blowgun           |       |       |    55 |       ||    55
Throw: Stone             |       |       |     4 |       ||     4
 Cast: Magic Dart        |    71 |   180 |   297 |     8 ||   556
       Call Imp          |     4 |     4 |    16 |     1 ||    25
       Conjure Flame     |     1 |       |    13 |    17 ||    31
       Mephitic Cloud    |       |     9 |    18 |    20 ||    47
       Blink             |       |       |     1 |    16 ||    17
       Orb of Destructio |       |       |       |    15 ||    15
Invok: Divine Energy     |       |       |     1 |       ||     1
Evoke: Wand              |       |     1 |       |    13 ||    14
  Use: Scroll            |       |     9 |       |    12 ||    21
 Stab: Sleeping          |       |       |     1 |       ||     1
       Confused          |       |       |     2 |       ||     2
       Distracted        |       |       |     1 |       ||     1
  Eat: Chunk             |     3 |     9 |    13 |    24 ||    49
       Meat ration       |       |       |     1 |       ||     1
       Royal jelly       |       |       |       |     1 ||     1
       Fruit             |       |       |       |     3 ||     3
Armor: Robe              |     6 |     1 |       |       ||     7
       Leather armour    |       |    16 |    51 |     3 ||    70
       Steam dragon scal |       |       |       |    54 ||    54
Dodge: Dodged            |    28 |    49 |   150 |   190 ||   417
Block: Other             |       |       |       |    23 ||    23
       Reflection        |       |       |       |     1 ||     1

Table legend:
 A = Spawn XP
 B = Non-spawn XP
 C = Spawn XP percentage of total XP
 D = Spawn monster count
 E = Non-spawn monster count
 F = Spawn count percentage of total count
 G = Total turns spent on level
                    A         B        C        D         E        F      G
               +---------+---------+-------+---------+---------+-------+---------
         Total |       0 |   24395 |   0.0 |       0 |     287 |   0.0 | 15805
               +---------+---------+-------+---------+---------+-------+---------
           D:1 |       0 |      11 |   0.0 |       0 |       6 |   0.0 |  1083
           D:2 |       0 |     140 |   0.0 |       0 |      27 |   0.0 |  1334
           D:3 |       0 |     235 |   0.0 |       0 |      26 |   0.0 |  1477
           D:4 |       0 |     314 |   0.0 |       0 |      18 |   0.0 |  1046
           D:5 |       0 |     761 |   0.0 |       0 |      32 |   0.0 |  1686
           D:6 |       0 |    1919 |   0.0 |       0 |      38 |   0.0 |  2196
           D:7 |       0 |    1304 |   0.0 |       0 |      12 |   0.0 |  1076
           D:8 |       0 |    3199 |   0.0 |       0 |      34 |   0.0 |  1257
           D:9 |       0 |    5894 |   0.0 |       0 |      42 |   0.0 |  1612
          D:10 |       0 |    5777 |   0.0 |       0 |      29 |   0.0 |  1756
          D:11 |       0 |    2998 |   0.0 |       0 |      13 |   0.0 |   934
          D:12 |       0 |    1843 |   0.0 |       0 |      10 |   0.0 |   176
               +---------+---------+-------+---------+---------+-------+---------
